 Dungeon Crawl Stone Soup version 0.29.1-12-g30fa7ad0bf (webtiles) character file.

Game seed: 5480257031839049618

38 shoemetal68 the Covered (level 3, 33/33 HPs)
             Began as a Minotaur Fighter on Dec 19, 2022.
             Was an Initiate of Ru.
             Quit the game on level 2 of the Dungeon on Dec 21, 2022.
             The game lasted 00:07:38 (1222 turns).

shoemetal68 the Covered (Minotaur Fighter)          Turns: 1222, Time: 00:07:38

Health: 33/33      AC: 11    Str: 20    XL:     3   Next: 25%
Magic:  2/2        EV:  5    Int:  5    God:    Ru [......]
Gold:   72         SH:  4    Dex: 11    Spells: 2/2 levels left

rFire   . . .      SeeInvis .   a - +0 war axe
rCold   . . .      Faith    .   c - +0 buckler
rNeg    . . .      Spirit   .   j - +0 plate armour
rPois   .          Reflect  .   (helmet restricted)
rElec   .          Harm     .   (no cloak)
rCorr   .          Rampage  .   (no gloves)
Will    .....                   (no boots)
Stlth   ..........              (no amulet)
HPRegen 0.11/turn               (no ring)
MPRegen 0.08/turn               (no ring)

@: no status effects
A: horns 2, retaliatory headbutt
a: Renounce Religion, Sacrifice an Eye, Sacrifice Health, Sacrifice Artifice,
Reject Sacrifices


You were on level 2 of the Dungeon.
You worshipped Ru.
Ru was noncommittal.
You visited 1 branch of the dungeon, and saw 2 of its levels.

You collected 72 gold pieces.

Inventory:

Hand Weapons
 a - a +0 war axe (weapon)
 e - a +0 sling of freezing
Missiles
 i - 16 stones (quivered)
Armour
 b - a +0 scale mail
 c - a +0 buckler (worn)
 j - a +0 plate armour (worn)
Scrolls
 f - a scroll of enchant weapon {unknown}
 h - 2 scrolls of identify {unknown}
 l - a scroll of butterflies {unknown}
 n - a scroll of immolation
 o - a scroll of blinking {unknown}
Potions
 d - a potion of might
 g - a potion of curing {unknown}
 k - a potion of haste {unknown}
 m - a potion of ambrosia {unknown}


   Skills:
 + Level 4.0 Fighting
 + Level 3.4 Axes
 + Level 4.2 Armour
 + Level 3.8 Shields


You had 2 spell levels left.
You didn't know any spells.
Your spell library was empty.

Dungeon Overview and Level Annotations

Branches:
Dungeon (2/15)

Altars:
Ru


Innate Abilities, Weirdness & Mutations

You have a pair of horns on your head.
You reflexively headbutt those who attack you in melee.


Message History

Press ? for a list of commands and other information.
Found a long sword.
Found 7 gold pieces.
You now have 72 gold pieces (gained 7).
A bat comes into view.
You barely miss the bat. You headbutt the bat.
You kill the bat!
You see here a bat corpse.
A goblin comes into view. It is wielding a +0 club.
The goblin shouts!
You block the goblin's attack. The goblin hits you but does no damage.
You barely miss the goblin. The goblin hits you but does no damage.
The goblin barely misses you.
You closely miss the goblin. The goblin hits you with a +0 club.
You slash the goblin!
You kill the goblin!
You see here a +0 club.
Found a stone staircase leading down.
There is a stone staircase leading down here.
Welcome back, shoemetal68 the Minotaur Fighter.
Ru says: Cut away your false body!
Press ? for a list of commands and other information.
You are a level 3 Minotaur Fighter.
You are 25% of the way to level 4.
Play time: 00:06:34 (1116 turns).
Zot will find you in 10859 turns if you stay in this branch and explore no new floors.
Unknown command.
Unknown command.
Unknown command.
Unknown command.
Unknown command.
Unknown command.
Unknown command.
You start waiting.
Done waiting.
No target in view!
Okay, then.
Press: ? - help, v - describe, . - travel The floor.
Are you sure you want to abandon this character and quit the game? (Confirm with "yes".)

## #.# ########### ##
#.#######..........
#.###@.......####.####
####.#.######### #.#
#.........# #.# #####
#.#######.# #..
....######.# #.# ##+
.........#.# #.##
....#.##...# #..###
#..#...#.#.# #...$
.........#.# #<.#


There were no monsters in sight!

Vanquished Creatures
  A dart slug (D:1)
  3 bats
  4 endoplasms
  3 giant cockroaches
  4 goblins
  4 hobgoblins
  2 quokkas (D:1)
  5 ball pythons
  4 kobolds
  3 rats (D:1)
33 creatures vanquished.

Notes
Turn   | Place    | Note
-------+----------+-------------------------------------------
     0 | D:1      | shoemetal68 the Minotaur Fighter began the quest for the
                  | Orb.
     0 | D:1      | Reached XP level 1. HP: 19/19 MP: 0/0
   221 | D:1      | Reached XP level 2. HP: 24/27 MP: 1/1
   770 | D:2      | Found a faded altar of an unknown god.
   794 | D:2      | Reached XP level 3. HP: 22/33 MP: 2/2
   802 | D:2      | Prayed at the altar of an unknown god.
   802 | D:2      | Became a worshipper of Ru the Awakened
  1222 | D:2      | Quit the game

Illustrated notes

Levels and vault maps discovered:
D:1:      wander_arrival_estate, layout_loops_ring, minmay_misc_feat_pillars
D:2:      layout_loops_ring, hellmonk_ecumenical_altar_blasted,
          kennysheep_cross_room

Skill      XL: |  1  2 |
---------------+-------+-----
Armour         | 4 |  4.2
Axes           | 3 |  3.4
Fighting       | 4 |  4.0
Shields        | |  3.8

Action                   || total
-------------------------++-------
Melee: War axe           ||    64
       Headbutt          ||     9
Armor: Scale mail        ||    16
       Plate armour      ||    36
Dodge: Dodged            ||    23
Block: Buckler           ||    22
